 Dungeon Crawl Stone Soup version 0.30-a0-1116-gebefce21f7 (webtiles) character file.

Game seed: 2676085814514464707

5580 cforsyth the Fighter (level 10, -11/90 HPs)
             Began as a Demigod Wanderer on Apr 21, 2023.
             Killed by an exploding butterfly (30 damage)
             ... ignited by their inner flame
             ... on level 11 of the Dungeon.
             The game lasted 00:17:08 (11221 turns).

cforsyth the Fighter (Demigod Wanderer)            Turns: 11221, Time: 00:17:08

Health: -11/90     AC: 10    Str: 14    XL:     10   Next: 21%
Magic:  14/14      EV: 15    Int: 12    God:
Gold:   580        SH:  0    Dex: 26    Spells: 11/11 levels left

rFire   . . .      SeeInvis +    b - +2 great sword (elec)
rCold   . . .      Faith    .    (shield currently unavailable)
rNeg    . . .      Spirit   .    K - +0 scale mail
rPois   .          Reflect  .    (no helmet)
rElec   .          Rampage  .    (no cloak)
rCorr   .                        (no gloves)
Will    +....                    (no boots)
Stlth   +                        k - amulet of magic regeneration
HPRegen 0.35/turn                e - ring of see invisible
MPRegen 0.54/turn                h - +4 ring of protection

@: no status effects
A: high MP 1, forlorn, divine attributes
a: no special abilities


You were on level 11 of the Dungeon.
You visited 1 branch of the dungeon, and saw 11 of its levels.

You collected 580 gold pieces.

Inventory:

Hand Weapons
 a - a +2 short sword of draining
 b - a +2 great sword of electrocution (weapon)
 q - a +3 short sword
Armour
 r - a +0 chain mail
 K - a +0 scale mail (worn)
Jewellery
 e - a ring of see invisible (left hand)
 h - a +4 ring of protection (right hand)
 k - an amulet of magic regeneration (around neck)
 m - a ring of wizardry
 p - a +6 ring of strength
 y - a +6 ring of intelligence
 L - a ring of magical power
 P - a ring of wizardry
 U - a +6 ring of strength
Wands
 E - a wand of paralysis (26)
 G - a wand of digging (7)
 Q - a wand of iceblast (15)
 R - a wand of light (7)
 T - a wand of mindburst (10)
Scrolls
 c - 6 scrolls of teleportation
 d - 3 scrolls of poison {unknown}
 f - 6 scrolls of blinking {unknown}
 g - 2 scrolls of amnesia {unknown}
 o - 3 scrolls of magic mapping {unknown}
 v - a scroll of enchant armour {unknown}
 w - 3 scrolls of vulnerability
 z - a scroll of fog {unknown}
 A - a scroll of noise {unknown}
 B - 2 scrolls of immolation
 C - a scroll of fear {unknown}
 F - 2 scrolls of silence {unknown}
 I - a scroll of brand weapon
 J - 2 scrolls of torment
Potions
 i - 2 potions of haste
 j - 4 potions of curing
 l - 5 potions of heal wounds
 s - 4 potions of lignification
 u - 2 potions of flight
 x - a potion of brilliance
 D - 2 potions of might
 H - 2 potions of resistance
 M - 2 potions of magic
 O - 3 potions of mutation
 S - a potion of invisibility


   Skills:
 + Level 8.4 Fighting
 - Level 4.5(7.0) Short Blades
 + Level 8.2(8.8) Long Blades
 - Level 1.0 Throwing
 - Level 1.7 Armour
 + Level 8.2 Dodging
 - Level 1.0 Spellcasting


You had 11 spell levels left.
You didn't know any spells.
Your spell library contained the following spells:

 Spells                   Type           Power      Damage    Failure   Level
 Apportation              Tloc           0%         N/A       77%         1
 Vhi's Electric Charge    Tloc/Air       0%         N/A       98%         3
 Alistair's Intoxication  Tmut/Pois      0%         N/A       100%        5
 Arcjolt                  Conj/Air       0%         1d10      100%        5
 Plasma Beam              Fire/Air       0%         2x1d11    100%        6


Dungeon Overview and Level Annotations

Branches:
Dungeon (11/15)            Temple (0/1) D:7            Lair (0/5) D:10
    Orc: D:9-12

Shops:
D:5 [   D:8 *

Annotations:
D:5 1 runed translucent door, dracfodder's ghost, novice OpBr


Innate Abilities, Weirdness & Mutations

You have an increased reservoir of magic. (+10% MP)
You shall have no god before yourself.
Your divine heritage dramatically boosts your attributes as you level up.


Message History

The fiery explosion engulfs your butterfly!!
Your butterfly disappears in a burst of colours!
The fiery explosion engulfs your butterfly!!
Your butterfly disappears in a burst of colours!
Your butterfly explodes!
The fiery explosion engulfs your butterfly!!
Your butterfly disappears in a burst of colours!
Your butterfly explodes!
The fiery explosion engulfs your butterfly!!
Your butterfly disappears in a burst of colours!
The fiery explosion engulfs your butterfly!!
Your butterfly disappears in a burst of colours!
Your butterfly explodes!
The fiery explosion engulfs your butterfly!!
Your butterfly disappears in a burst of colours!
The fiery explosion engulfs your butterfly!!!
Your butterfly disappears in a burst of colours!
The fiery explosion engulfs your butterfly!!!
Your butterfly disappears in a burst of colours!
Your butterfly explodes!
The fiery explosion engulfs your butterfly!
Your butterfly disappears in a burst of colours!
The fiery explosion engulfs your butterfly!!
Your butterfly disappears in a burst of colours!
The fiery explosion engulfs your butterfly!!
Your butterfly disappears in a burst of colours!
Your butterfly explodes! x2
The fiery explosion engulfs your butterfly!
Your butterfly disappears in a burst of colours!
Your butterfly explodes! x6
The fiery explosion engulfs your butterfly!!!
Your butterfly disappears in a burst of colours!
Your butterfly explodes!
The fiery explosion engulfs you!
* * * LOW HITPOINT WARNING * * *
Your butterfly explodes!
The fiery explosion engulfs you but does no damage.
Your butterfly explodes!
The fiery explosion engulfs you!!
You die...

....#.####.....
....§§§.......#
....§§§§§§§.b.
..§§§§§§§§§§#
..§§§§§§§§§.#
..§§§§§§§§#
....§§§§§§###
#...§§§§§§§§#
....b#§@§§§§#
.... #§§§§§§b..
.## #§§§§§§§..
##§§§§§§..
...§§§§..
#..§§§§..
###§§§#.#
...###


There were no monsters in sight!

Vanquished Creatures
  A two-headed ogre (D:11)
  Joseph (D:8)
  An unseen horror (D:10)
  A troll (D:10)
  A hornet (D:8)
  A steam dragon (D:8)
  3 acid dragons
  4 orc warriors
  An ice beast (D:6)
  An ogre (D:6)
  A black bear (D:6)
  2 wolves
  9 centaurs
  2 phantoms
  A kobold brigand (D:10)
  3 scorpions
  Blork the orc (D:6)
  8 wights (D:8)
  10 killer bees
  3 electric eels (D:10)
  A howler monkey (D:9)
  A jelly (D:4)
  A gnoll bouda (D:6)
  6 orc priests
  5 hounds
  An iron imp (D:4)
  2 sleepcaps
  Terence (D:3)
  4 iguanas
  Natasha (thrice) (D:3)
  7 orc wizards
  11 adders
  6 gnolls
  A shadow imp (D:5)
  4 white imps
  2 ufetubi (D:5)
  A worm (D:2)
  3 dart slugs
  23 orcs
  7 ball pythons
  4 bats
  5 endoplasms (D:1)
  5 giant cockroaches
  11 goblins
  4 hobgoblins
  3 jackals (D:2)
  11 kobolds
  3 quokkas
  5 frilled lizards
  5 rats
201 creatures vanquished.

Notes
Turn   | Place    | Note
-------+----------+-------------------------------------------
     0 | D:1      | cforsyth the Demigod Wanderer began the quest for the Orb.
     0 | D:1      | cforsyth set off with the following items: a +3 short
                  | sword, a +0 scale mail, a scroll of teleportation.
     0 | D:1      | Reached XP level 1. HP: 16/16 MP: 4/4
   119 | D:1      | Reached XP level 2. HP: 14/23 MP: 5/5
   250 | D:1      | Reached skill level 1 in Long Blades
   250 | D:1      | Reached skill level 1 in Dodging
  1028 | D:2      | Reached XP level 3. HP: 29/29 MP: 6/6
  1964 | D:3      | Reached XP level 4. HP: 36/36 MP: 8/8
  1996 | D:3      | Noticed Terence
  2008 | D:3      | Killed Terence
  2268 | D:3      | Noticed a centaur
  2275 | D:3      | Killed a centaur
  2276 | D:3      | Reached XP level 5. HP: 38/44 MP: 9/9
  2433 | D:3      | Noticed Natasha
  2443 | D:3      | Killed Natasha
  2656 | D:3      | Noticed Natasha
  2660 | D:3      | Killed Natasha
  3121 | D:3      | Noticed Natasha
  3128 | D:3      | Killed Natasha
  3460 | D:4      | Reached XP level 6. HP: 51/51 MP: 10/10
  4238 | D:5      | Entered Level 5 of the Dungeon
  4265 | D:5      | Found Koelun's Armour Shop.
  4454 | D:5      | Reached XP level 7. HP: 39/59 MP: 11/11
  4524 | D:5      | Noticed dracfodder's ghost (novice OpBr)
  4649 | D:5      | Found a runed translucent door.
  5414 | D:6      | Noticed Blork the orc
  5425 | D:6      | Reached skill level 5 in Fighting
  5430 | D:6      | Killed Blork the orc
  5620 | D:6      | Reached skill level 5 in Dodging
  5620 | D:6      | Reached XP level 8. HP: 68/68 MP: 12/12
  5630 | D:6      | Reached skill level 5 in Long Blades
  6109 | D:7      | You fall into a shaft and drop 1 floor!
  6112 | D:8      | Found Naciugut's General Store.
  6505 | D:7      | Identified the +3 robe of the Dungeon {*Slow rPois Regen+
                  | Stlth+}
  6570 | D:7      | Found a staircase to the Ecumenical Temple.
  7409 | D:8      | Noticed a hornet
  7419 | D:8      | Paralysed by a hornet for 3 turns
  7426 | D:8      | Killed a hornet
  7427 | D:8      | Reached XP level 9. HP: 36/78 MP: 13/13
  7721 | D:8      | Noticed Joseph
  7736 | D:8      | Killed Joseph
  8810 | D:10     | Entered Level 10 of the Dungeon
  8824 | D:10     | Noticed an unseen horror
  8841 | D:10     | Killed an unseen horror
 10265 | D:10     | Reached XP level 10. HP: 69/88 MP: 14/14
 10347 | D:10     | Found a staircase to the Lair.
 11212 | D:11     | Noticed a two-headed ogre
 11221 | D:11     | Killed a two-headed ogre
 11221 | D:11     | Killed by an exploding butterfly... ignited by their inner
                  | flame

Illustrated notes

Levels and vault maps discovered:
D:1:      spicycebolla_arrival_ecumenical, layout_basic, minmay_pentomino_z4
D:2:      layout_basic, roderic_lattice_a, due_unseen_surprise
D:3:      layout_basic, nicolae_figureground_pulse, uniq_natasha, uniq_terence
D:4:      layout_cave_pods, slow_altar_1, chequers_serial_rivers_room_b
D:5:      layout_basic, serial_shops, nicolae_shop_crystal,
          hellmonk_ghost_happy_afterlife
D:6:      layout_basic, uniq_blork_the_orc
D:7:      layout_loops_ring, chequers_temple_overflow_statue_of_worship,
          minmay_temple_entry_large_hall, chequers_decorated_corner
D:8:      layout_gridville, kennysheep_mini, nemelex_xobeh_ov_fountains_minmay,
          serial_shops, shop, uniq_joseph
D:9:      layout_irregular_city, mainiacjoe_overflow_catwalk, lemuel_tele_altar
D:10:     layout_small_grid, erik_lair_island
D:11:     minmay_angry_zag, layout_cave_pools,
          portal_ice_cave_entry_ice_simulacra, minivault_16

Skill      XL: |  1  2  3  4  5  6  7  8  9 10 |
---------------+-------------------------------+-----
Long Blades    | 1 2 3 4 6 7 8 |  8.2
Dodging        | 1 2 3 4 5 6 7 8 |  8.2
Fighting       | 2 3 4 5 6 8 |  8.4
Short Blades   | |  4.5
Throwing       | |  1.0
Armour         | |  1.7
Spellcasting   | |  1.0

Action                     |  1- 3 |  4- 6 |  7- 9 | 10-12 || total
---------------------------+-------+-------+-------+-------++-------
  Melee: Short sword       |   147 |   173 |   343 |       ||   663
         Punch             |     1 |     7 |     4 |       ||    12
         Great sword       |       |       |    90 |    36 ||   126
    Use: Scroll            |       |       |     1 |    15 ||    16
         Potion            |       |       |     1 |       ||     1
 Armour: Scale mail        |    74 |     2 |       |    36 ||   112
         Chain mail        |       |    71 |   222 |    10 ||   303
  Dodge: Dodged            |    60 |    51 |   231 |    94 ||   436

Table legend: (Time is in decaauts)
 A = Elapsed time spent in this place.
 B = Non-inter-level travel time spent in this place.
 C = Inter-level travel time spent in this place.
 D = Time resting spent in this place.
 E = Time spent auto-exploring this place.
 F = Levels seen in this place.
 G = Mean time per level.
                   A        B        C        D        E       F      G
               +--------+--------+--------+--------+--------+-----+--------+
         Total |  11093 |  10740 |    353 |   1277 |   7945 |  11 | 1008.5 |
       Dungeon |  11093 |  10740 |    353 |   1277 |   7945 |  11 | 1008.5 |
               +--------+--------+--------+--------+--------+-----+--------+

Top non-repeatable levels by time:
    D:10: 2117 daAuts
     D:3: 1487 daAuts
     D:8: 1163 daAuts
     D:9: 1075 daAuts
     D:1: 991 daAuts
     D:2: 921 daAuts
     D:6: 905 daAuts
     D:5: 874 daAuts
     D:4: 777 daAuts
     D:7: 741 daAuts
    D:11: 37 daAuts
